Map: Abyssal Reef LE

Players

Stephano - Winner!

  • Race: Zerg Zerg
  • League: Grandmaster
  • Spawn Location: 11:00

MMA

  • Race: Terran Terran
  • League: Diamond
  • Spawn Location: 5:00

Event: HomeStory Cup XVI

VOD

Have the link to the VOD?

Description

Time

  • Played on: Nov. 9, 2017, 9:24 a.m.
  • Length: 3:31

All games in this series

Show
View Real Time Build Order
Export as new Build Order

Stephano Zerg - Winner!

Build Orders: Pool First 

Get SALT Encoding   

  12  0:00  Drone  
  13  0:12  Overlord  
  13  0:17  Drone  
  14  0:31  Drone x2  
  14  0:34  Drone  
  14  0:35  Extractor  
  16  0:47  Spawning Pool  
  15  0:50  Drone  
  16  0:57  Drone  
  17  1:19  Hatchery  
  16  1:35  Metabolic Boost, Zergling x4  
  18  1:44  Queen  
  20  1:50  Overlord  
  20  1:57  Zergling x4  
  22  2:10  Drone  
  23  2:19  Zergling x2  
  23  2:21  Queen  
  25  2:34  Zergling x4  
  27  2:39  Drone  
  27  2:44  Drone  
  29  2:50  Drone  
  30  2:57  Drone x2  
  33  2:58  Drone  
  33  3:00  Overlord  
  34  3:06  Drone  
  35  3:20  Hatchery  
Show
View Real Time Build Order
Export as new Build Order

MMA Terran 

Build Orders: Reaper Expand 

Get SALT Encoding   

  12  0:00  SCV  
  13  0:13  SCV  
  14  0:17  Supply Depot  
  14  0:25  SCV  
  15  0:38  SCV  
  15  0:39  Barracks  
  16  0:45  Refinery  
  16  0:50  SCV  
  17  1:02  SCV  
  18  1:15  SCV  
  19  1:27  Reaper, Orbital Command  
  20  1:41  Command Center  
  20  1:53  SCV  
  21  1:56  Supply Depot  
  21  1:59  Marine  
  22  2:06  SCV  
  22  2:07  Factory  
  23  2:15  Refinery  
  23  2:18  SCV  
  23  2:22  Barracks Reactor  
  24  2:30  SCV  
  24  2:42  SCV  
  24  2:53  Hellion  
  24  2:54  SCV  
  24  2:55  Bunker  
  24  2:58  Marine x2  
  24  3:06  SCV  
  23  3:18  SCV  
  28  3:21  Starport  
Tags
 
Add a new tag
Caveats
  • Supply blocks, unpowered buildings, or Contaminate may cause inaccurate times.
  • Supply counts are checked every 10 seconds.